 Dungeon Crawl Stone Soup version 0.22-a0-305-gd21a89c (webtiles) character file.

1975 aspa the Thaumaturge (level 9, -4/51 HPs)
             Began as an Octopode Wizard on Mar 30, 2018.
             Slain by Grinder (9 damage)
             ... while paralysed by Grinder
             ... on level 5 of the Dungeon.
             The game lasted 00:23:34 (5042 turns).

aspa the Thaumaturge (Octopode Wizard)              Turns: 5042, Time: 00:23:35

Health: -4/51      AC:  1    Str:  6    XL:     9   Next: 20%
Magic:  22/23      EV:  2    Int: 24    God:
Gold:   179        SH:  0    Dex: 10    Spells: 16/29 levels left

rFire    . . .     SeeInvis .   b - +1 scythe (venom)
rCold    . . .     Gourm    .   (shield currently unavailable)
rNeg     . . .     Faith    .   v - +0 hat
rPois    .         Spirit   .   e - amulet of magic regeneration
rElec    .         Reflect  .   (no ring)
rCorr    .         Harm     .   (no ring)
MR       .....                  (no ring)
Stlth    +++.......             (no ring)
HPRegen  0.17/turn              (no ring)
MPRegen  0.43/turn              (no ring)
                                (no ring)
                                (no ring)

@: paralysed
A: almost no armour, stealthy swim, amphibious, 8 rings, constrict 8, camouflage
1, gelatinous body 1
a: no special abilities


You were on level 5 of the Dungeon.
You were hungry.

You visited 1 branch of the dungeon, and saw 6 of its levels.

You collected 179 gold pieces.

Inventory:

Hand Weapons
 a - a +2 dagger of venom
 b - a +1 scythe of venom (weapon)
 u - a +2 vampiric dagger
 w - a +4 quarterstaff of chaos
 y - a +2 flail of holy wrath
 z - a +0 whip of flaming
Armour
 r - a +0 buckler
 v - a +0 hat (worn)
Jewellery
 e - an amulet of magic regeneration (around mantle)
 s - a cursed amulet of inaccuracy {unknown}
Wands
 m - a wand of polymorph (16)
 A - a wand of iceblast (5)
Scrolls
 d - 9 scrolls of identify {unknown}
 g - 4 scrolls of remove curse {unknown}
 k - 2 scrolls of teleportation {unknown}
 l - a scroll of amnesia {unknown}
 o - a scroll of random uselessness {unknown}
 p - a scroll of blinking {unknown}
 D - a scroll of enchant weapon {unknown}
Potions
 f - 3 potions of flight {unknown}
 h - 2 potions of berserk rage {unknown}
 i - 2 potions of curing {unknown}
 j - 2 potions of agility {unknown}
 n - 2 potions of ambrosia {unknown}
 q - a potion of degeneration {unknown}
 t - 2 potions of lignification {unknown}
 x - a potion of brilliance {unknown}
 C - a potion of cancellation {unknown}
Comestibles
 c - 5 rations


   Skills:
 - Level 2.0 Dodging
 - Level 2.6 Stealth
 + Level 10.7 Spellcasting
 - Level 3.0 Conjurations
 - Level 1.0 Summonings
 - Level 1.0 Translocations


You had 16 spell levels left.
You knew the following spells:

 Your Spells              Type           Power        Failure   Level  Hunger
a - Magic Dart            Conj           ####         1%          1    None
b - Call Imp              Summ           ###.....     4%          2    None
c - Mephitic Cloud        Conj/Pois/Air  ###.....     10%         3    None
d - Blink                 Tloc           N/A          4%          2    None
e - Slow                  Hex            ##......     8%          2    None
f - Conjure Flame         Conj/Fire      ###.....     8%          3    None


Dungeon Overview and Level Annotations

Branches:
Dungeon (6/15)
 Temple: D:4-7

Altars:
Dithmenos
Fedhas
Makhleb
Nemelex Xobeh
Okawaru
Ru
Wu Jian

Shops:
D:5 [   D:6 *

Annotations:
D:5 Grinder


Innate Abilities, Weirdness & Mutations

You cannot wear most types of armour.
You are very stealthy in the water. (Stealth+)
You are amphibious.
You can wear up to eight rings at the same time.
You can use your tentacles to constrict eight enemies at once.
Your skin changes colour to match your surroundings (Stealth+).
Your rubbery body absorbs attacks. (AC +1, EV +1)


Message History

Grinder hits you.
You writhe in agony.
Your crimson imp blinks!
Grinder gestures at you. You resist with some effort.
You hit Grinder.
Grinder is poisoned.
Grinder is moderately wounded.
You constrict Grinder, but do no damage.
Grinder gestures at you. Pain shoots through your body!
* * * LOW HITPOINT WARNING * * *
Grinder gestures at you.
You suddenly lose the ability to move!
You lose your grip on Grinder.
Grinder gestures at you.
You struggle to resist.
Grinder says, "Don't move a muscle."
Grinder hits you!
* * * LOW HITPOINT WARNING * * *
Your crimson imp barely misses Grinder.
Grinder hits you!
You die...

#.# #.# ...#####∩####.#
#.### #.## #.#
#.............# #.# #..#
####.# #........#....# #.#
##.# #....###.#..#........#
#.# #.#
#.##........#...#....# #.#
##.###.##.###.#..#...##.#.#
#.#
............#.#..#...##.#.#
#.#
##.###.##.#.....5....##.#.#
#.#
##.###.##.#.....@....##.#.#
#.#
.............##55###.##.#.#
#.#
.########.................#
#>#
.##########..##.........###
#.###
#.......###..#######.####
#.... #.####...##..#
#.############
..####...##..# #.......#
#### ####...)...(.##
#######.# #... #.....>..#.#
#.# #...


You could see Grinder, a crimson imp and a friendly crimson imp.

Vanquished Creatures
  Pikel (D:4)
  Sigmund (D:4)
  Edmund (D:4)
  Duvessa (D:4)
  2 ice beasts (D:5)
  2 ogres
  A sky beast (D:5)
  A centaur (D:5)
  Blork the orc (D:4)
  Dowan (D:4)
  A howler monkey (D:5)
  A hound (D:4)
  A centaur skeleton (D:5)
  Crazy Yiuf (D:4)
  An orc priest (D:4)
  Ijyb (D:5)
  Natasha (twice) (D:4)
  3 orc wizards
  2 worker ants (D:4)
  2 hound skeletons (D:4)
  7 adders
  4 oozes
  A worm (D:2)
  A dart slug (D:2)
  2 leopard geckos (D:2)
  11 orcs
  2 ball pythons (D:2)
  5 bats
  2 giant cockroaches (D:2)
  4 goblins
  5 hobgoblins
  5 jackals
  2 quokkas
  8 frilled lizards
  10 kobolds
  4 rats
100 creatures vanquished.

Vanquished Creatures (collateral kills)
  An adder (D:2)
  An orc (D:3)
  2 jackals (D:1)
4 creatures vanquished.

Vanquished Creatures (others)
  A slave (D:5)
  A hound (D:5)
  Natasha (D:4)
3 creatures vanquished.

Grand Total: 107 creatures vanquished

Notes
Turn   | Place    | Note
-------+----------+-------------------------------------------
     0 | D:1      | aspa the Octopode Wizard began the quest for the Orb.
     0 | D:1      | Reached XP level 1. HP: 11/11 MP: 4/4
   228 | D:1      | Reached XP level 2. HP: 17/17 MP: 3/6
   232 | D:1      | Learned a level 2 spell: Call Imp
  1232 | D:2      | Reached XP level 3. HP: 21/21 MP: 4/8
  1237 | D:2      | Learned a level 3 spell: Mephitic Cloud
  1240 | D:2      | Learned a level 2 spell: Blink
  1461 | D:2      | Reached skill level 4 in Spellcasting
  1572 | D:2      | Reached XP level 4. HP: 27/27 MP: 6/10
  1576 | D:2      | Learned a level 2 spell: Slow
  1975 | D:2      | Found a burning altar of Makhleb.
  1975 | D:2      | Noticed a cacodemon
  1978 | D:2      | Noticed a smoke demon
  1978 | D:2      | Noticed a smoke demon
  2043 | D:3      | Found a sparkling altar of Nemelex Xobeh.
  2161 | D:3      | Noticed an ogre
  2163 | D:3      | Found a faded altar of an unknown god.
  2167 | D:3      | Reached XP level 5. HP: 31/31 MP: 2/11
  2172 | D:3      | Killed an ogre
  2172 | D:3      | Reached skill level 5 in Spellcasting
  2183 | D:3      | Learned a level 3 spell: Conjure Flame
  2530 | D:3      | Found an iron altar of Okawaru.
  2531 | D:3      | Found a blossoming altar of Fedhas.
  2531 | D:3      | Found a shadowy altar of Dithmenos.
  2532 | D:3      | Found a sacrificial altar of Ru.
  2542 | D:3      | Reached XP level 6. HP: 36/36 MP: 12/14
  2612 | D:4      | Noticed Edmund
  2617 | D:4      | Found a sparkling altar of Nemelex Xobeh.
  2752 | D:5      | Entered Level 5 of the Dungeon
  2830 | D:4      | Noticed a slave
  2830 | D:4      | Noticed Natasha
  2831 | D:4      | Noticed a slave
  2859 | D:4      | Noticed a slave
  2860 | D:4      | Noticed Dowan
  2860 | D:4      | Noticed a slave
  2860 | D:4      | Noticed Pikel
  2870 | D:5      | Noticed an ice beast
  2976 | D:4      | Noticed Duvessa
  3009 | D:4      | Killed Duvessa
  3009 | D:4      | Reached skill level 6 in Spellcasting
  3024 | D:4      | Killed Dowan
  3024 | D:4      | Reached XP level 7. HP: 41/41 MP: 1/17
  3111 | D:4      | Found a runed door.
  3213 | D:4      | Noticed Crazy Yiuf
  3221 | D:4      | Killed Crazy Yiuf
  3221 | D:4      | Reached skill level 7 in Spellcasting
  3258 | D:4      | Noticed Blork the orc
  3284 | D:4      | Killed Blork the orc
  3328 | D:4      | Found an ornate altar of the Wu Jian Council.
  3423 | D:4      | Noticed Sigmund
  3433 | D:4      | Killed Sigmund
  3538 | D:4      | Killed Natasha
  3538 | D:4      | Reached skill level 8 in Spellcasting
  3587 | D:4      | Reached XP level 8. HP: 46/46 MP: 14/20
  3807 | D:4      | Killed Edmund
  3921 | D:4      | Noticed Natasha
  3928 | D:4      | Killed Natasha
  4108 | D:4      | Noticed Natasha
  4114 | D:4      | Killed Pikel
  4114 | D:4      | Reached skill level 10 in Spellcasting
  4123 | D:4      | Killed Natasha
  4374 | D:5      | Noticed Ijyb
  4388 | D:5      | Reached XP level 9. HP: 33/51 MP: 12/23
  4457 | D:5      | Killed Ijyb
  4468 | D:5      | Noticed Grinder
  4611 | D:6      | Found Jaobef's General Store.
  4657 | D:5      | Found Leisisoo's Armour Shoppe.
  5039 | D:5      | Paralysed by Grinder for 5 turns
  5042 | D:5      | Slain by Grinder

Vault maps used:
D:1:      wheals_arrival_shading
D:2:      makhleb_altar_promises_db
D:3:      nemelex_xobeh_ov_fountains_minmay,
          chequers_temple_overflow_statue_of_worship, first_ration,
          chequers_ecumenical_altar_island
D:4:      old_standard_altar, nemelex_dance_club_becter, uniq_edmund,
          uniq_duvessa, uniq_pikel, uniq_blork_the_orc, uniq_sigmund,
          uniq_natasha, uniq_crazy_yiuf_cottage
D:5:      led_sif_pool, serial_shops, shop, uniq_ijyb, uniq_grinder
D:6:      kennysheep_little_box, serial_shops, shop, shop, shop,
          nicolae_shop_waterfront, shop, minmay_ruffians

Skill      XL: |  1  2  3  4  5  6  7  8 |
---------------+-------------------------+-----
Conjurations   | 2 3 |  3.0
Spellcasting   | 4 5 6 8 10 | 10.7
Dodging        | |  2.0
Stealth        | |  2.6
Summonings     | |  1.0
Translocations | |  1.0

Action                   |  1- 3 |  4- 6 |  7- 9 || total
-------------------------+-------+-------+-------++-------
Melee: Unarmed           |    10 |    21 |       ||    31
       Constrict         |     4 |     7 |    11 ||    22
       Tentacles         |     2 |     4 |     5 ||    11
       Dagger            |       |       |    23 ||    23
       Scythe            |       |       |    32 ||    32
 Cast: Magic Dart        |   101 |    65 |   115 ||   281
       Call Imp          |     3 |     3 |     2 ||     8
       Mephitic Cloud    |       |    11 |    20 ||    31
       Conjure Flame     |       |     4 |    18 ||    22
       Blink             |       |     4 |     4 ||     8
       Slow              |       |       |     6 ||     6
 Stab: Confused          |       |     1 |     1 ||     2
  Eat: Chunk             |     2 |     5 |     3 ||    10
       Ration            |       |       |     2 ||     2
Armor: Skin              |     2 |       |     1 ||     3
Dodge: Dodged            |    16 |    14 |    24 ||    54

Table legend:
 A = Spawn XP
 B = Non-spawn XP
 C = Spawn XP percentage of total XP
 D = Spawn monster count
 E = Non-spawn monster count
 F = Spawn count percentage of total count
 G = Total turns spent on level
                    A         B        C        D         E        F      G
               +---------+---------+-------+---------+---------+-------+---------
         Total |       0 |    2822 |   0.0 |       0 |     104 |   0.0 |  5042
               +---------+---------+-------+---------+---------+-------+---------
           D:1 |       0 |      28 |   0.0 |       0 |      18 |   0.0 |  1102
           D:2 |       0 |      71 |   0.0 |       0 |      24 |   0.0 |   913
           D:3 |       0 |     221 |   0.0 |       0 |      16 |   0.0 |   724
           D:4 |       0 |    1886 |   0.0 |       0 |      36 |   0.0 |  1492
           D:5 |       0 |     616 |   0.0 |       0 |      10 |   0.0 |   806
               +---------+---------+-------+---------+---------+-------+---------
